AoeStats
← muelaluis19

Hideout

510246795Analyzed
1v1 RM · 2d ago on Sep 30, 2026· 40m 12s· 2 players
Game mode
Random Map
Map size
Tiny (2 player)
Population
200
Speed
Normal
Resources
Standard
Victory
Conquest
Starting age
Dark Age
Ending age
Imperial Age
RankedLock teamsTeams togetherTeam positionsShared explorationLock speedFull tech treeHidden civsTurbo modeCheats
Victory
Defeat
🇺🇸 Spanish · United States
720
+17
🇲🇽 Georgians · Mexico
749
-31
BeyondAllWords
12:20 Feudal Age
13:44 Man-at-Arms
14:59 Scale Mail Armor
16:18 Loom
19:29 Forging
21:51 Double-Bit Axe
26:48 Castle Age
24:54 Padded Archer Armor
24:48 Fletching
26:30 Horse Collar
26:44 Gold Mining
27:40 Bodkin Arrow
29:41 Padded Archer Armor
33:03 Bloodlines
36:30 Husbandry
36:39 Scale Barding Armor
muelaluis19
11:09 Feudal Age
11:45 Horse Collar
11:56 Double-Bit Axe
12:09 Horse Collar
16:06 Gold Mining
17:50 Arson
17:26 Man-at-Arms
19:06 Loom
20:50 Forging
24:07 Castle Age
25:20 Long Swordsman
28:03 Long Swordsman
28:28 Gambesons
29:47 Bow Saw
Connection lost

Rejoining the realm…

Still unreachable

The connection could not be restored.

Session expired

The server has moved on; the page needs a fresh start.